 Dungeon Crawl Stone Soup version 0.27.1-2-g3b301248ec (webtiles) character file.

Game seed: 2625537603402173926

431 barney the Changer (level 6, -28/47 HPs)
             Began as a Draconian Transmuter on Oct 2, 2021.
             Killed by an exploding centaur (46 damage)
             ... ignited by their inner flame
             ... on level 5 of the Dungeon.
             The game lasted 00:05:36 (5282 turns).

barney the Changer (Draconian Transmuter)           Turns: 5282, Time: 00:05:37

Health: -28/47     AC:  2    Str: 13      XL:     6   Next: 67%
Magic:  5/9        EV: 19    Int: 15      God:
Gold:   191        SH:  0    Dex: 23 (24) Spells: 3/9 levels left

rFire    . . .     SeeInvis .     - Unarmed
rCold    . . .     Faith    .   (shield currently unavailable)
rNeg     . . .     Spirit   .   (armour unavailable)
rPois    x         Reflect  .   (helmet currently unavailable)
rElec    .         Harm     .   (cloak currently unavailable)
rCorr    .         Rampage  .   (gloves currently unavailable)
Will     .....                  (boots currently unavailable)
Stlth    ++........             (no amulet)
HPRegen  0.15/turn              d - +6 ring of dexterity
MPRegen  0.11/turn              (no ring)

@: spider-form (expiring)
A: venomous fangs, AC +6, tiny, unfitting armour, (cold-blooded), agile 1
a: End Transformation


You were on level 5 of the Dungeon.
You were a venomous arachnid creature.
You visited 1 branch of the dungeon, and saw 5 of its levels.

You collected 191 gold pieces.

Inventory:

Hand Weapons
 l - a +2 quarterstaff of chaos (melded)
Missiles
 n - a throwing net
Armour
 m - a +2 cloak (melded)
 o - a +0 pair of boots (melded)
Jewellery
 d - a +6 ring of dexterity (left front leg)
 r - a +6 ring of strength
Wands
 t - a wand of flame (25)
Scrolls
 b - 3 scrolls of magic mapping
 c - a scroll of immolation
 g - 3 scrolls of identify {unknown}
 i - a scroll of fog {unknown}
 p - a scroll of fear {unknown}
 q - a scroll of noise {unknown}
Potions
 h - a potion of curing


   Skills:
 - Level 1.1 Fighting
 - Level 1.7 Dodging
 - Level 3.0 Unarmed Combat
 - Level 2.0 Spellcasting
 + Level 7.2 Transmutations


You had 3 spell levels left.
You knew the following spells:

 Your Spells              Type           Power      Damage    Failure   Level
a - Beastly Appendage     Tmut           46%        N/A       5%          1
b - Spider Form           Tmut/Pois      6%         N/A       34%         3
c - Wereblood             Tmut           23%        N/A       7%          2

Your spell library contained the following spells:

 Spells                   Type           Power      Damage    Failure   Level
 Call Canine Familiar     Summ           1%         N/A       75%         3
 Portal Projectile        Hex/Tloc       2%         N/A       75%         3
 Ice Form                 Ice/Tmut       12%        N/A       67%         4
 Leda's Liquefaction      Hex/Erth       0%         N/A       98%         4


Dungeon Overview and Level Annotations

Branches:
Dungeon (5/15)
 Temple: D:4-7

Altars:
Makhleb
Ru
Uskayaw

Shops:
D:4 (


Innate Abilities, Weirdness & Mutations

You are a venomous arachnid creature.
You have poisonous fangs.
You are tiny and dextrous.
Your spellcasting is less reliable in this form.
Your armour is entirely melded.
You are incapable of wielding weapons or throwing items.
((Your plain brown scales are hard. (AC +6)))
You cannot fit into any form of body armour.
((You are cold-blooded and may be slowed by cold attacks.))
You are agile. (Dex +2)


Message History

Your +2 quarterstaff of chaos melds into your body.
Your +2 cloak melds into your body.
Your +0 pair of boots melds into your body.
The centaur hits you.
The centaur kicks you but does no damage.
The orc priest calls down the wrath of Beogh upon you.
Beogh smites you!
You hear a shout!
You hit the centaur.
The centaur is poisoned.
The centaur is moderately wounded.
The centaur misses you. The centaur barely misses you.
The centaur closely misses you.
The centaur kicks you but does no damage.
An ogre comes into view. It is wielding a +0 giant spiked club.
The orc priest hits you from afar with a +0 trident.
You hit the centaur but do no damage.
The centaur looks as sick as possible!
The centaur is moderately wounded.
The centaur closely misses you.
The centaur kicks you but does no damage.
The orc priest closely misses you.
You hit the centaur.
The centaur looks as sick as possible!
The centaur is severely wounded.
The centaur completely misses you. The centaur kicks you. The centaur hits you.
The centaur kicks you.
The orc priest hits you from afar with a +0 trident.
The centaur wields a +0 shortbow.
The centaur shoots an arrow.
The arrow closely misses you.
As you read the scroll labelled SOOPPU ANUERGH, it crumbles to dust.
You feel aware of your surroundings.
It was a scroll of magic mapping.
The centaur shoots an arrow.
The arrow closely misses you.
As you read the scroll labelled YTITRU IB CETA, it crumbles to dust.
The creatures around you are filled with an inner flame!
It was a scroll of immolation.
Your transformation is almost over.
Flame seeps out of the centaur.
The centaur is engulfed in blazing flames.
The centaur explodes!
The fiery explosion engulfs you!!!
Ouch! That really hurt!
You die...

******#### ******* *,,,,,,..#
,,,,,,* **,****#.#
,,,,*,***#.#####.#############
,*,,,,,,,....$.......†.......#
,*,,,,***#.#####s##########.##
,',,,,,,,,,,,,,#○# #.#
,*,,*'*,,*,,,,,#o# #.#####
,*,,,,,,,......O{#** #.....#
,*,,,,,,,.........,* #####.#
,*,,,,,,,......###)* #.#
,*,,,,,,,......* *.# #.#
,***,,,,,......***,# #.#
,****'*,*#'###,,,,,* #.#


You could see an ogre and an orc (inner flame).

Vanquished Creatures
  An ogre (D:5)
  A centaur (D:5)
  Blork the orc (D:4)
  A scorpion (D:4)
  A howler monkey (D:4)
  Crazy Yiuf (D:2)
  A hound (D:5)
  4 adders
  A worm (D:3)
  A dart slug (D:4)
  2 orcs (D:5)
  3 bats
  6 endoplasms
  5 giant cockroaches
  16 goblins
  9 hobgoblins
  10 kobolds
  5 quokkas
  5 ball pythons
  6 frilled lizards
  9 rats
89 creatures vanquished.

Notes
Turn   | Place    | Note
-------+----------+-------------------------------------------
     0 | D:1      | barney the Draconian Transmuter began the quest for the
                  | Orb.
     0 | D:1      | Reached XP level 1. HP: 16/16 MP: 3/3
   228 | D:1      | You fall into a shaft and drop 1 floor!
   294 | D:1      | Reached XP level 2. HP: 23/23 MP: 3/5
   408 | D:1      | Reached skill level 3 in Transmutations
  1106 | D:1      | Reached XP level 3. HP: 28/28 MP: 6/6
  1110 | D:1      | Learned a level 3 spell: Spider Form
  1113 | D:1      | Learned a level 2 spell: Wereblood
  1421 | D:2      | Found a runed translucent door.
  1422 | D:2      | Noticed Crazy Yiuf
  2492 | D:2      | Killed Crazy Yiuf
  2493 | D:2      | Reached skill level 4 in Transmutations
  2493 | D:2      | Reached XP level 4. HP: 29/35 MP: 3/7
  2900 | D:3      | Found a burning altar of Makhleb.
  3115 | D:3      | Found a hide-covered altar of Uskayaw.
  3304 | D:3      | Found a sacrificial altar of Ru.
  3615 | D:3      | Reached skill level 5 in Transmutations
  4041 | D:4      | Noticed Blork the orc
  4049 | D:4      | Killed Blork the orc
  4050 | D:4      | Reached XP level 5. HP: 36/40 MP: 4/8
  4476 | D:4      | Gained mutation: You are agile. (Dex +2) [potion of
                  | mutation]
  4571 | D:4      | Found Deogruno's Weapon Shoppe.
  4640 | D:5      | Entered Level 5 of the Dungeon
  4642 | D:5      | Noticed an ogre
  4652 | D:4      | Reached skill level 6 in Transmutations
  4652 | D:4      | Reached XP level 6. HP: 32/47 MP: 6/9
  4866 | D:4      | Reached skill level 7 in Transmutations
  5282 | D:5      | Killed by an exploding centaur... ignited by their inner
                  | flame

Illustrated notes

Levels and vault maps discovered:
D:1:      eino_arrival_cavern_e, layout_loops_corners, serial_glass,
          glass_columns_b, glass_columns_a, minmay_misc_feat_roman,
          minmay_heptomino_w4
D:2:      layout_basic, uniq_crazy_yiuf_cottage
D:3:      layout_loops_corners, mainiacjoe_overflow_alcove_4,
          lemuel_crystal_altar, nicolae_overflow_crystal_walls,
          grunt_ministairs_9, amcnicky_mini_corridor_feature
D:4:      minmay_door_path, layout_gridville, serial_shops, shop,
          minmay_goblin_outpost, uniq_blork_the_orc
D:5:      layout_basic

Skill      XL: |  1  2  3  4  5  6 |
---------------+-------------------+-----
Transmutations | 3 4 5 6 7 |  7.2
Fighting       | |  1.1
Dodging        | |  1.7
Unarmed Combat | |  3.0
Spellcasting   | |  2.0

Action                   |  1- 3 |  4- 6 || total
-------------------------+-------+-------++-------
Melee: Unarmed           |   102 |    35 ||   137
       Kick              |    11 |     4 ||    15
       Headbutt          |     8 |     8 ||    16
       Tailslap          |     7 |     7 ||    14
       Punch             |     1 |       ||     1
       Quarterstaff      |       |    80 ||    80
 Cast: Beastly Appendage |    26 |    18 ||    44
       Spider Form       |     1 |     8 ||     9
       Wereblood         |       |     1 ||     1
  Use: Potion            |       |     7 ||     7
       Scroll            |       |     2 ||     2
 Stab: Sleeping          |     2 |     2 ||     4
       Invisible         |       |     2 ||     2
Armor: Skin              |    36 |    46 ||    82
Dodge: Dodged            |    53 |   118 ||   171
